 Dungeon Crawl Stone Soup version 0.27-a0-1525-g1038ab4fd7 (webtiles) character file.

Game seed: 11881132293000123207

474 Sin92 the Chopper (level 6, -5/48 HPs)
             Began as a Demonspawn Fighter on July 10, 2021.
             Was an Initiate of Okawaru.
             Killed by nerve-wracking pain
             ... invoked by an orc priest
              (7 damage)
             ... on level 5 of the Dungeon.
             The game lasted 00:07:47 (3885 turns).

Sin92 the Chopper (Demonspawn Fighter)              Turns: 3885, Time: 00:07:48

Health: -5/48      AC: 11    Str: 18    XL:     6   Next: 84%
Magic:  6/6        EV:  7    Int: 10    God:    Okawaru [......]
Gold:   164        SH:  9    Dex: 15    Spells: 5/5 levels left

rFire    . . .     SeeInvis .   a - +0 war axe (venom)
rCold    . . .     Faith    +   c - +0 kite shield
rNeg     . . .     Spirit   .   b - +0 scale mail
rPois    .         Reflect  .   (no helmet)
rElec    .         Harm     .   q - +0 cloak
rCorr    .         Rampage  .   e - +0 pair of gloves {Dex+3}
Will     .....                  (no boots)
Stlth    ..........             d - amulet of faith
HPRegen  2.16/turn              (no ring)
MPRegen  0.10/turn              (no ring)

@: no status effects
A: talons 1, yellow scales 1, powered by death 2
a: Renounce Religion


You were on level 5 of the Dungeon.
You worshipped Okawaru.
Okawaru was noncommittal.
You visited 2 branches of the dungeon, and saw 6 of its levels.

You collected 164 gold pieces.

Inventory:

Hand Weapons
 a - a +0 war axe of venom (weapon)
 o - a +0 mace
Armour
 b - a +0 scale mail (worn)
 c - a +0 kite shield (worn)
 e - a +0 pair of gloves of dexterity (worn)
 q - a +0 cloak (worn)
Jewellery
 d - an amulet of faith (around neck)
 l - a ring of see invisible
Wands
 f - a wand of polymorph (8)
 k - a wand of flame (11)
Scrolls
 g - 2 scrolls of noise
Potions
 h - a potion of cancellation
 j - a potion of heal wounds
 p - a potion of mutation {unknown}


   Skills:
 + Level 3.7 Fighting
 * Level 4.4 Axes
 + Level 4.0 Armour
 + Level 1.1 Dodging
 - Level 0.6 Stealth
 + Level 4.1 Shields
 + Level 0.5 Invocations


You had 5 spell levels left.
You didn't know any spells.
Your spell library contained the following spells:

 Spells                   Type           Power      Damage    Failure   Level
 Animate Skeleton         Necr           0%         N/A       99%         1
 Apportation              Tloc           0%         N/A       99%         1
 Corona                   Hex            0%         N/A       99%         1
 Summon Small Mammal      Summ           0%         N/A       99%         1
 Inner Flame              Hex/Fire       0%         N/A       100%        3
 Cause Fear               Hex            0%         N/A       100%        4
 Discord                  Hex            0%         N/A       100%        8


Dungeon Overview and Level Annotations

Branches:
Dungeon (5/15)             Temple (1/1) D:4

Altars:
Elyvilon
Fedhas
Hepliaklqana
Makhleb
Nemelex Xobeh
Okawaru
Qazlal
Ru
Trog
Uskayaw

Shops:
D:1 =   D:3 [


Innate Abilities, Weirdness & Mutations

You have sharp toenails.
You are partially covered in yellow scales. (AC +2)
You regenerate health from kills.


Message History

Beogh smites you! You block the orc's attack.
There are monsters nearby!
You barely miss the orc. You claw the orc.
The orc is severely wounded.
The orc barely misses you.
The orc priest invokes the aid of Beogh against you.
Beogh smites you!
You slash the orc!
You kill the orc!
Okawaru accepts your kill.
An orc comes into view. It is wielding a +0 dagger.
Unknown command.
You hit the orc but do no damage. Your kick misses the orc.
The orc hits you with a +0 club.
The orc priest invokes the aid of Beogh against you.
Beogh smites you!
* * * LOW HITPOINT WARNING * * *
Unknown command.
You are too injured to fight recklessly!
You are too injured to fight recklessly!
Unknown command.
Unknown command.
You closely miss the orc. You claw the orc.
You kill the orc!
Okawaru accepts your kill.
You hit the orc.
The orc is poisoned.
You kill the orc!
Okawaru accepts your kill.
A hound comes into view.
Your Armour skill increases to level 4!
You slash the orc priest!
The orc priest looks as sick as possible!
The orc priest is heavily wounded.
The orc priest mumbles some strange prayers to Beogh against you.
Pain shoots through your body!
* * * LOW HITPOINT WARNING * * *
The hound stops to sniff the ground.
The orc priest invokes the aid of Beogh against you.
Pain shoots through your body!
You die...

. .. ...
##### ...#
##...# ....#
#<..)#......
#...@)o.h...
#...o#o.....
#....# .....
##.#..# ..##
###### ##


You could see a hound, 2 orc priests and an orc.

Vanquished Creatures
  A black bear (D:4)
  A bullfrog (D:3)
  A scorpion (D:4)
  A bullfrog skeleton (D:4)
  Crazy Yiuf (D:4)
  Terence (D:3)
  2 iguanas (D:4)
  3 adders
  An ufetubus (D:4)
  An adder skeleton (D:4)
  6 worms
  3 dart slugs
  5 orcs
  3 endoplasms
  A giant cockroach (D:3)
  7 goblins
  7 hobgoblins
  4 jackals (D:2)
  2 quokkas
  7 ball pythons
  5 bats
  A frilled lizard (D:1)
  4 kobolds
  7 rats
75 creatures vanquished.

Vanquished Creatures (others)
  11 plants (D:2)
11 creatures vanquished.

Grand Total: 86 creatures vanquished

Notes
Turn   | Place    | Note
-------+----------+-------------------------------------------
     0 | D:1      | Sin92 the Demonspawn Fighter began the quest for the Orb.
     0 | D:1      | Reached XP level 1. HP: 18/18 MP: 1/1
    88 | D:1      | Found Suarismo's Jewellery Boutique.
   293 | D:1      | Gained mutation: You are partially covered in yellow
                  | scales. (AC +2) [demonic ancestry]
   293 | D:1      | Reached XP level 2. HP: 24/24 MP: 2/2
   909 | D:2      | Reached XP level 3. HP: 22/29 MP: 3/3
  1423 | D:2      | Found a faded altar of an unknown god.
  1835 | D:3      | Found Lankuso's Antique Armour Shop.
  1917 | D:3      | Gained mutation: You regenerate a little health from kills.
                  | [demonic ancestry]
  1917 | D:3      | Reached XP level 4. HP: 7/35 MP: 4/4
  2422 | D:3      | Noticed a bullfrog
  2431 | D:3      | Killed a bullfrog
  2432 | D:3      | Gained mutation: You regenerate health from kills. [demonic
                  | ancestry]
  2432 | D:3      | Reached XP level 5. HP: 41/41 MP: 5/5
  2490 | D:3      | Noticed Terence
  2497 | D:3      | Killed Terence
  2652 | D:4      | Noticed a black bear
  2664 | D:4      | Killed a black bear
  2665 | D:4      | Gained mutation: You have sharp toenails. [demonic
                  | ancestry]
  2665 | D:4      | Reached XP level 6. HP: 44/47 MP: 6/6
  2931 | D:4      | Found a runed translucent door.
  2932 | D:4      | Noticed Crazy Yiuf
  3049 | D:4      | Found a staircase to the Ecumenical Temple.
  3072 | Temple   | Entered the Ecumenical Temple
  3082 | Temple   | Became a worshipper of Warmaster Okawaru
  3119 | D:4      | Found a hide-covered altar of Uskayaw.
  3357 | D:4      | Reached skill level 1 in Dodging
  3693 | D:4      | Killed Crazy Yiuf
  3821 | D:4      | Identified a scroll of acquirement
  3821 | D:4      | Acquired a +0 pair of gloves of dexterity
  3875 | D:5      | Entered Level 5 of the Dungeon
  3885 | D:5      | HP: 2/48 [orc priest/nerve-wracking pain (13)]
  3885 | D:5      | Killed from afar by an orc priest

Illustrated notes

Levels and vault maps discovered:
D:1:      co_arrival_square_in_a_square_in_a_square, layout_basic, serial_shops,
          nicolae_diamond_shop
D:2:      layout_rooms, basic_ecumenical_altar, serial_bayou,
          serial_bayou_lagoon_b, serial_bayou_pond_c, serial_bayou_pond_a,
          serial_bayou_pond_a
D:3:      layout_loops_ring, serial_shops, shop_fountains, minmay_circle_x,
          uniq_terence
D:4:      layout_basic, nicolae_uskayaw_suspiria, elyvilon_altar_1,
          minmay_temple_entry_statues_fountains, nrook_mini_backslash,
          uniq_crazy_yiuf_cottage
D:5:      layout_gridville, mainiacjoe_overflow_tiny_flanked, enter_ossuary_1,
          gammafunk_ghost_cemetery, minivault_25
Temple:   eino_temple_lava

Skill      XL: |  1  2  3  4  5  6 |
---------------+-------------------+-----
Shields        | 3 4 |  4.1
Axes           | 2 3 4 |  4.4
Armour         | 3 4 |  4.0
Dodging        | 1 |  1.1
Fighting       | |  3.7
Stealth        | |  0.6
Invocations    | |  0.5

Action                   |  1- 3 |  4- 6 || total
-------------------------+-------+-------++-------
Melee: War axe           |   122 |    88 ||   210
       Kick              |       |    18 ||    18
  Use: Potion            |     1 |       ||     1
       Scroll            |       |     8 ||     8
Armor: Scale mail        |    60 |    45 ||   105
Dodge: Dodged            |    39 |    26 ||    65
Block: Kite shield       |    63 |    48 ||   111

Table legend: (Time is in decaauts)
 A = Elapsed time spent in this place.
 B = Non-inter-level travel time spent in this place.
 C = Inter-level travel time spent in this place.
 D = Time resting spent in this place.
 E = Time spent auto-exploring this place.
 F = Levels seen in this place.
 G = Mean time per level.
                   A        B        C        D        E       F      G
               +--------+--------+--------+--------+--------+-----+--------+
         Total |   4036 |   3867 |    169 |      9 |   3223 |   6 |  672.7 |
       Dungeon |   4018 |   3856 |    162 |      9 |   3223 |   5 |  803.6 |
        Temple |     18 |     11 |      7 |      0 |      0 |   1 |   18.0 |
               +--------+--------+--------+--------+--------+-----+--------+

Top non-repeatable levels by time:
     D:4: 1242 daAuts
     D:3: 952 daAuts
     D:1: 931 daAuts
     D:2: 878 daAuts
  Temple: 18 daAuts
     D:5: 12 daAuts
